 Dungeon Crawl Stone Soup version 0.31.0-4-g52a2dc7128 (webtiles) character file.

Game seed: 14201555857628012808

1092 gohu the Cleaver (level 8, -9/70 HPs)
             Began as a Hill Orc Fighter on Jan 21, 2024.
             Mangled by a gnoll sergeant
             ... wielding a +5 spear of venom
              (11 damage)
             ... on level 7 of the Dungeon.
             The game lasted 00:09:58 (5231 turns).

gohu the Cleaver (Hill Orc Fighter)                 Turns: 5231, Time: 00:09:58

Health: -9/70      AC: 13    Str: 21    XL:     8   Next: 31%
Magic:  8/8        EV:  5    Int:  8    God:
Gold:   287        SH:  5    Dex: 16    Spells: 7/7 levels left

rFire   + . .        a - +0 war axe (drain)
rCold   + . .        c - +0 buckler
rNeg    . . .        o - +0 plate armour
rPois   +            (no helmet)
rElec   +            (no cloak)
rCorr   +            w - +0 pair of gloves
SInv    .            k - +0 pair of boots
Will    .....        q - amulet of faith
Stlth   x              - +6 ring of dexterity
HPRegen 0.31/turn    u - ring of poison resistance
MPRegen 0.11/turn

%: faith
@: lethally poisoned (-9 -> -18), resistant, weak-willed, enlightened, flying
A: no striking features
a: no special abilities


You were on level 7 of the Dungeon.
You visited 1 branch of the dungeon, and saw 7 of its levels.

You collected 287 gold pieces.

Inventory:

Hand Weapons
 a - a +0 war axe of draining (weapon)
Missiles
 d - a boomerang
 t - 2 javelins
Armour
 b - a +0 scale mail
 c - a +0 buckler (worn)
 k - a +0 pair of boots (worn)
 o - a +0 plate armour (worn)
 w - a +0 pair of gloves (worn)
Jewellery
 q - an amulet of faith (around neck)
 s - a ring of willpower
 u - a ring of poison resistance (right hand)
 x - a +6 ring of dexterity (left hand)
Wands
 h - a wand of flame (8) (quivered)
 B - a wand of acid (4)
Scrolls
 e - a scroll of blinking {unknown}
 f - a scroll of poison
 l - 8 scrolls of identify {unknown}
 y - a scroll of summoning {unknown}
 z - a scroll of fog {unknown}
 A - a scroll of noise {unknown}
Potions
 p - a potion of cancellation {unknown}
 r - a potion of magic {unknown}


   Skills:
 + Level 6.0 Fighting
 * Level 11.4 Axes
 - Level 3.2 Armour
 - Level 3.2 Shields
 + Level 0.8 Evocations


You had 7 spell levels left.
You didn't know any spells.
Your spell library contained the following spells:

 Spells                   Type           Power      Damage    Failure   Level
 Inner Flame              Hex/Fire       0%         N/A       100%        3
 Flame Wave               Conj/Fire      0%         2d4       100%        4
 Sticky Flame             Fire/Alch      0%         2d4       100%        4


Dungeon Overview and Level Annotations

Branches:
Dungeon (7/15)
 Temple: D:4-7

Altars:
Cheibriados
Fedhas
Hepliaklqana
Kikubaaqudgha
Makhleb
Vehumet


Message History

Okay, then.
As you read the scroll labelled CYGHID FAEPPAPN, it crumbles to dust.
A wave of despondency washes over your surroundings.
It was a scroll of vulnerability.
You feel sick.
The hornet stings you but does no damage.
The gnoll sergeant barely misses you.
The gnoll hits you but does no damage. x2
The hornet stings you but does no damage.
As you read the scroll labelled MOARRO NUFITA, it crumbles to dust.
It is a scroll of amnesia.
You feel forgetful for a moment.
You feel sick. The hornet stings you.
* * * LOW HITPOINT WARNING * * *
The gnoll sergeant barely misses you. The gnoll hits you but does no damage.
The gnoll barely misses you.
As you read the scroll labelled OSUSOBLIDWA, it crumbles to dust.
It is a scroll of brand weapon.
Your +0 war axe craves living souls!
a - a +0 war axe of draining (weapon)
You feel sick.
The hornet stings you but does no damage.
The gnoll sergeant barely misses you. The gnoll hits you but does no damage.
The gnoll hits you with a +0 club.
* * * LOW HITPOINT WARNING * * *
The hornet stings you!
* * * LOW HITPOINT WARNING * * *
You feel yourself slow down.
It was a potion of enlightenment.
You feel very buoyant.
You fly up into the air.
You feel yourself speed up.
You feel sick. You block the hornet's attack.
The gnoll sergeant hits you but does no damage.
You are lethally poisoned!
The gnoll hits you but does no damage. x2; The hornet barely misses you.
It was a potion of resistance.
You feel protected.
* * * LOW HITPOINT WARNING * * *
You feel very sick. The gnoll hits you but does no damage.
The gnoll sergeant hits you from afar with a +5 spear of venom!
You die...

.# ... .# #.# .#
####.##§###
§§#..§§§°#
#§#.§§§§○##
#g#.§§○○°..
#@gg○☼§#.#
.#.#.#y#g#§§°○.
......○§g.§§..☼.#
....#○§§#☼#§#...#
....§§☼§#°#.# .#
..####§#.# # ..
§§☼.. . §§#.#
######


You could see a hornet (weak-willed), a gnoll sergeant (weak-willed) and 4
gnolls.

Vanquished Creatures
  2 phantoms (D:5)
  A gnoll sergeant (D:5)
  3 scorpions
  A howler monkey (D:5)
  A hound (D:4)
  A jelly (D:5)
  A gnoll bouda (D:5)
  2 orc priests (D:5)
  4 iguanas
  3 orc wizards
  10 gnolls
  10 adders
  A white imp (D:5)
  4 ufetubi (D:5)
  5 dart slugs (D:1)
  2 ribbon worms (D:2)
  16 orcs
  15 endoplasms
  A giant cockroach (D:3)
  6 goblins
  3 hobgoblins
  9 jackals
  11 kobolds
  2 quokkas
  8 ball pythons
  4 bats
  5 frilled lizards
  5 rats
136 creatures vanquished.

Notes
Turn   | Place    | Note
-------+----------+-------------------------------------------
     0 | D:1      | gohu the Hill Orc Fighter began the quest for the Orb.
     0 | D:1      | Reached XP level 1. HP: 19/19 MP: 1/1
    95 | D:1      | Reached skill level 3 in Axes
   112 | D:1      | Reached XP level 2. HP: 17/27 MP: 2/2
   432 | D:1      | Reached XP level 3. HP: 31/33 MP: 3/3
   433 | D:1      | Reached skill level 4 in Axes
   684 | D:1      | Found a faded altar of an unknown god.
  1413 | D:2      | Reached XP level 4. HP: 38/41 MP: 4/4
  1468 | D:2      | Reached skill level 5 in Axes
  1875 | D:2      | Reached XP level 5. HP: 47/47 MP: 5/5
  2006 | D:2      | Reached skill level 6 in Axes
  2409 | D:3      | Reached skill level 7 in Axes
  2984 | D:5      | Entered Level 5 of the Dungeon
  2989 | D:5      | Reached XP level 6. HP: 53/55 MP: 6/6
  3253 | D:5      | Reached skill level 8 in Axes
  3680 | D:4      | Found a hazy altar of Hepliaklqana.
  3680 | D:4      | Found a snail-covered altar of Cheibriados.
  3680 | D:4      | Found a radiant altar of Vehumet.
  3785 | D:5      | Reached skill level 5 in Fighting
  3789 | D:5      | Reached XP level 7. HP: 58/61 MP: 7/7
  3810 | D:5      | Reached skill level 9 in Axes
  4341 | D:5      | Reached skill level 10 in Axes
  4374 | D:5      | Found a burning altar of Makhleb.
  4378 | D:5      | Found an ancient bone altar of Kikubaaqudgha.
  4380 | D:5      | Found a blossoming altar of Fedhas.
  4548 | D:5      | Reached XP level 8. HP: 68/70 MP: 8/8
  4773 | D:5      | Reached skill level 11 in Axes
  5216 | D:7      | Noticed a hornet
  5231 | D:7      | HP: 2/70 [poisoned by a gnoll sergeant]
  5231 | D:7      | Mangled by a gnoll sergeant

Illustrated notes

Levels and vault maps discovered:
D:1:      roderic_crop_circles_arrival_small, layout_basic,
          hellmonk_ecumenical_altar_leap_of_faith, minivault_23, minivault_5,
          minmay_bisected
D:2:      layout_basic
D:3:      layout_basic
D:4:      layout_basic, gammafunk_temple_overflow_claw
D:5:      layout_basic, minitemple, kennysheep_generic_room_10
D:6:      layout_cave_pods
D:7:      layout_basic, lemuel_temple_firewalk_b, nrook_campfire,
          kennysheep_nondescript

Skill      XL: |  1  2  3  4  5  6  7  8 |
---------------+-------------------------+-----
Axes           | 3 4 5 7 8 10 11 | 11.4
Fighting       | 4 5 6 |  6.0
Armour         | |  3.2
Shields        | |  3.2
Evocations     | |  0.8

Action                     |  1- 3 |  4- 6 |  7- 9 || total
---------------------------+-------+-------+-------++-------
  Melee: War axe           |   110 |   183 |   120 ||   413
  Evoke: Wand              |     1 |     4 |     9 ||    14
    Use: Potion            |       |       |     4 ||     4
         Scroll            |       |       |     4 ||     4
 Armour: Scale mail        |    63 |    57 |       ||   120
         Plate armour      |       |    63 |   152 ||   215
  Dodge: Dodged            |    49 |    59 |    45 ||   153
  Block: Buckler           |    24 |    37 |    35 ||    96
